Workbook

Sheet Comments
A1: Participant | B1: Rule Sect. | C1: Subsect. | D1: Issue | E1: Issue (Revised) | F1: Comment
A2: Vermont Agency of Natural Resources | B2: 5.105 | D2: registration process | E2: Registrations | F2: Supports the proposed revision clarifying that ANR can comment on registrations.
A3: Vermont Agency of Natural Resources | B3: 5.105 | D3: registration process | E3: Registrations | F3: Requests that for hydroelectric facilities, the registration form require applicants to list all associated FERC authorization numbers (licenses, exemptions, permits) and dates.
A4: Vermont Agency of Natural Resources | B4: 5.108 | D4: amendments to pending registrations and applications | E4: Amendments | F4: Supports the proposed revisions because they remove a disincentive for applicants to incorporate ANR recommendations that would currently be considered a major amendment.
A5: Vermont Agency of Natural Resources | B5: 5.108 | D5: amendments to pending registrations and applications | E5: Amendments | F5: Recommends that this section clarify that parties will have 14 days to respond to a motion to amend, consistent with the VRCP.
A6: Vermont Agency of Natural Resources | B6: 5.108 | D6: amendments to pending registrations and applications | E6: Amendments | F6: Notes that a motion to amend filed during the 30-day comment period may introduce confusion; ANR recommends that the rule be revised to state that if a motion to amend is filed in the 30-day comment period, it will trigger an automatic stay of the 30-day comment period until the Commission rules on the motion and establishes a new comment deadline in its ruling.
A7: Vermont Agency of Natural Resources | B7: 5.109 | D7: amendments to approved systems | E7: Amendments | F7: Notes that the proposed changes remove the 10-day timeframe for filing objections; ANR requests that the rule provide a 14-day period for filing comments or objections.
A8: Vermont Agency of Natural Resources | B8: 5.109 | D8: amendments to approved systems | E8: Amendments | F8: Notes that by removing the major amendment distinction, there is no guarantee that interested persons that were not parties to the original proceeding will receive notice of the amendment request; this would be left to Commission discretion.
A9: Vermont Agency of Natural Resources | B9: 5.110 | D9: transfer | E9: Time to Construct Projects | F9: Supports extending the commissioning deadline from 1 to 2 years. This may provide CPG Holders additional time needed to comply with ANR conditions.
A10: Vermont Agency of Natural Resources | B10: 5.110 | C10: (B)(3) | D10: transfer form | E10: Transfers | F10: Recommends that the transfer form be revised to require CPG Holders to certify that they have read the application (and supporting materials) and the Commission's order and CPG. Otherwise, the new CPG Holder may not be aware of plans and evidence that are requirements of the approval, increasing the potential for non-compliance.
A11: Vermont Agency of Natural Resources | B11: 5.103 | C11: Definitions | D11: preferred sites | E11: Preferred Sites, Parking Lot Canopies, Brownfields, Landfills | F11: Agrees with the proposed revisions to preferred site definitions (2), (4), and (5). The revisions match recommendations made by ANR in past cases.
A12: Vermont Agency of Natural Resources | B12: 5.103 | C12: Definitions | D12: preferred sites | E12: Preferred Sites, Impervious Surfaces | F12: Contends that the revisions to preferred site definitions (1) and (3) make them very similar, such that they could possibly be consolidated into one definition. (1) requires that all facilities be located on existing surface or structure; (3) allows non-generation facilities to be located outside existing surface or structure. ANR recommends making (1) for rooftop structures only (may necessitate changes to 5.111(A)), and would consider excluding only RINA and necessary wildlife habitat for (3).
A13: Vermont Agency of Natural Resources | B13: 5.103 | C13: Definitions | D13: preferred sites | E13: Preferred Sites, Impervious Surfaces | F13: Recommends in definitions (1) and (3) inserting the work "constructed" before "impervious" to distinguish from naturally impervious surfaces such as rock outcrops.
A14: Vermont Agency of Natural Resources | B14: 5.103 | C14: Definitions | D14: preferred sites | E14: Preferred Sites, Extraction Sites | F14: Agrees with the proposed revisions to preferred site (6); the revisions address concerns raised by ANR in recent cases. ANR agrees with the 3-year provision of (6) but would like to discuss possible ambiguity that remains, and suggests deleting "developed" in (6)(a).
A15: Vermont Agency of Natural Resources | B15: 5.103 | C15: Definitions | D15: preferred sites | E15: Preferred Sites | F15: Supports the proposed elimination of the joint letter of support, but acknowledges concerns raised about reliance on the municipal planning process being limiting. Would support continuing the joint letter option provided the site is reviewed for "known" or "possible constraints" per the Department's certification standards (24 VSA 4352).
A16: Vermont Agency of Natural Resources | B16: 5.103 | C16: Definitions | D16: preferred sites | E16: Preferred Sites | F16: ANR has observed that some applicants are using (7) when (4) or (6) could have been used, possibly to circumvent the requirements of (4) and (6), and recommends that this be corrected in the revisions.
A17: Vermont Agency of Natural Resources | B17: 5.103 | C17: Definitions | D17: preferred sites - tree clearing | E17: Preferred Sites, Tree Clearing | F17: Is keenly interested in forest fragmentation and its effects on biological diversity and the social and ecological services forests provide. Has observed an increase in projects with clearing, including excessive clearing for shade management at sites with poor solar exposure. Contends that this is an ineffecient use of natural resources, and questions whether such sites should be given preferred status. Recommends workshop discussion on this topic.
A18: Vermont Agency of Natural Resources | B18: 5.103 | C18: Definitions | D18: preferred sites - tree clearing | E18: Preferred Sites, Tree Clearing | F18: Would support excluding from any of the preferred site categories projects that require X acres of forest clearing, or for which the proposed clearing is Y amount of the generation footprint, or a ratio of clearing to capacity.
A19: Vermont Agency of Natural Resources | B19: 5.103 | C19: Definitions | D19: limits of disturbance | E19: Limits of Disturbance | F19: Notes that the Rule's definition is not the same as DEC's definition for permitting, and recommends that "limits of disturbance" in the Rule be replaced with "project limits." Recommends a few edits to the proposed definition.
A20: Vermont Agency of Natural Resources | B20: 5.103 | C20: Definitions | D20: limits of disturbance | E20: Limits of Disturbance | F20: Recommends adding a definition for "earth disturbance" that refers to ANR's stormwater permitting rule.
A21: Vermont Agency of Natural Resources | B21: 5.106, 5.107 | C21: Application Requirements | D21: limits of disturbance | E21: Limits of Disturbance | F21: Recommends that (a) and (d) of 5.106(D)(5) and 5.107(C)(5) be revised to require the total project limits and earth disturbance areas be included in the site plans.
... A24: Vermont Agency of Natural Resources | B24: 5.106, 5.107 | C24: Application Requirements | D24: preferred sites - advance notice | E24: Preferred Sites, Advance Notice | F24: Recommends that applicants be required to identify the preferred site category in the advance notice.
A25: Vermont Agency of Natural Resources | B25: 5.103, 5.106, 5.107 | D25: solar canopies | E25: Parking Lot Canopies | F25: Maintains that solar canopies have potential for adverse environmental effects related to stormwater and hazardous sites. If the Commission implements a simplified process for canopies, recommends that it be more robust than the registration process. Recommends requiring a site plan and elevation drawings, a letter from an engineer regarding stormwater runoff, and including questions on the registration form regarding whether the site is a hazardous site.
A26: Vermont Agency of Natural Resources | B26: 5.127 | D26: rate structure, incentives, locational pricing | E26: Rates, Locational Pricing | F26: Has no specific comments but looks forward to participating in workshop discussion of these topics.
A27: Vermont Agency of Natural Resources | B27: 5.128 | D27: biennial updates | E27: Biennial Review | F27: Recommends that the Commission consider developing a process to track the number of systems that apply and are permitted each year, preferred site status, capacity, and REC disposition; this would assist greatly with implementing 5.128. This may require revisions to 5.128, such as making 5.128(D) an annual requirement. Recommends further discussion at a workshop.
A28: Vermont Agency of Natural Resources | B28: Rulemaking process | D28: workshops | E28: Process and Scheduling | F28: Recommends at least three workshops with the following clusters of topics: (a) preferred sites, (b) rate design, and (c) other issues such as registrations, amendments, and transfers.
A29: Vermont Agency of Natural Resources | B29: Rulemaking process | D29: comment periods | E29: Process and Scheduling | F29: Recommends that participants be given the opportunity to comment prior to each workshop, and in response to each revised draft of the Rule prepared by the Commission.
A30: Vermont Natural Resources Board | B30: 5.106 | C30: (D)(9)(b)(ii) | D30: Act 250 permit reclamation activities | E30: Act 250 | F30: Documentation of Act 250 reclamation activities should consist of an Act 250 District Coordinator Jurisdictional Opinion or Certificate of Compliance issued under Act 250 Rule 37. Absent this requirement, applicants may try to satisfy this requirement through less formal means, such as emails with the District Coordinators.
A31: Vermont Natural Resources Board | B31: 5.107 | C31: (C)(14)(ii) | D31: Act 250 permit reclamation activities | E31: Act 250 | F31: Documentation of Act 250 reclamation activities should consist of an Act 250 District Coordinator Jurisdictional Opinion or Certificate of Compliance issued under Act 250 Rule 37. Absent this requirement, applicants may try to satisfy this requirement through less formal means, such as emails with the District Coordinators.
A32: Vermont Natural Resources Board | B32: 5.103 | D32: Act 250 permit reclamation activities | E32: Act 250 | F32: Applicants should have to demonstrate that any other permits required for operation of the extraction site, including but not limited to Act 250 permits, were obtained and complied with. This addresses situations where a landowner should have obtained a permit that contained reclamation conditions, but did not.
A33: Vermont Natural Resources Board | B33: 5.106 | C33: (D)(9)(b)(ii) | D33: Act 250 permit reclamation activities | E33: Act 250 | F33: Applicants should have to demonstrate that any other permits required for operation of the extraction site, including but not limited to Act 250 permits, were obtained and complied with. This addresses situations where a landowner should have obtained a permit that contained reclamation conditions, but did not.
A34: Vermont Natural Resources Board | B34: 5.107 | C34: (C)(14)(ii) | D34: Act 250 permit reclamation activities | E34: Act 250 | F34: Applicants should have to demonstrate that any other permits required for operation of the extraction site, including but not limited to Act 250 permits, were obtained and complied with. This addresses situations where a landowner should have obtained a permit that contained reclamation conditions, but did not.
A35: Vermont Natural Resources Board | B35: 5.107 | C35: (C)(12) | D35: decommissioning plan | E35: Decommissioning | F35: The proposed revisions do not require applicants to submit a detailed reclamation plan for the extraction site. Such a requirement would ensure that the site is reclaimed even where the applicant fails to obtain a permit from the municipality or other state entity that would have contained reclamation requirements. [NOTE: Not clear if they are recommending this as a general addition to the rule for sites with Act 250 reclamation requirements, or specifically as part of decommissioning.]
A36: Vermont Natural Resources Board | B36: 5.103 | D36: definitions - preferred site | E36: Preferred Sites | F36: The definitions for preferred sites (1) and (2) should be revised to prevent situations where a developer constructed new impervious surface for the purpose of meeting the definition.
A37: Vermont Natural Resources Board | B37: 5.103 | D37: definitions - preferred site | E37: Preferred Sites | F37: The definition for preferred site (5) should be revised to specify how much of the plant must be located on the landfill cap. "Some portion" is ill-defined.
A38: Vermont Natural Resources Board | B38: 5.103 | D38: definitions - preferred site | E38: Preferred Sites | F38: The definition for preferred site (6) is ambiguous; NRB recommends revising the language to "the site was developed and used as an extraction site for at least three years. . ."
A39: Vermont Natural Resources Board | B39: 5.106 | D39: Application filing | E39: Application Filing | F39: The application filing requirements should include the case number from the advance notice.
A40: Vermont Natural Resources Board | B40: 5.107 | D40: Application filing | E40: Application Filing | F40: The application filing requirements should include the case number from the advance notice.
A41: Vermont Natural Resources Board | B41: 5.106 | D41: Act 250 Consistency Documents | E41: Act 250 | F41: The Act 250 Consistency Documents required in this section should be stand-alone documents, or they should be clearly identified in a table of contents for the application so they can be easily located for review.
A42: Vermont Natural Resources Board | B42: 5.107 | D42: Act 250 Consistency Documents | E42: Act 250 | F42: The Act 250 Consistency Documents required in this section should be stand-alone documents, or they should be clearly identified in a table of contents for the application so they can be easily located for review.
A43: Vermonters for a Clean Environment | B43: 5.103 | D43: Preferred sites - gravel pits | E43: Preferred Sites, Extraction Sites | F43: Recommends that (6) be modified to also allow preferred site status for currently unreclaimed extraction sites that may not have been used in the past 3 years.
A44: Vermonters for a Clean Environment | B44: 5.103 | D44: Preferred sites - joint letter | E44: Preferred Sites, Joint Letter of Support | F44: Supports elimination of the joint letter option (7). Acknowledges the benefits of approved town plan siting: the process of identifying preferred sites through town energy plans encourages developers to approach towns early in the process, which should result in fewer contested cases, less expense, and quicker approvals.
A45: Vermonters for a Clean Environment | B45: 5.103 | D45: Preferred sites - joint letter | E45: Preferred Sites, Joint Letter of Support | F45: Objects to joint letter option (7) based on: (a) contention that the joint letter process may be based on personal relationships and tax benefits; (b) once two town boards have agreed to joint support, the regional commission's approval becomes almost automatic; (c) it should be obvious that if a town is designated a preferred site that it is an endorsement of the project by the town; (d) the preferred site request may come too early in the process, before substantive project details have been developed; (e) a town board's opinion of what makes a site "preferred" may not translate into a "good" site; (f) the joint support process does not engage adjoining landowners and other interested citizens.
A46: Vermonters for a Clean Environment | B46: 5.103 | D46: Preferred sites - joint letter | E46: Preferred Sites, Joint Letter of Support | F46: Should the Commission opt to keep in the joint letter option, recommends that (a) notice to regular service list be required for any meetings at which the joint letter will be discussed; (b) a checklist or narrative identifying why the site is preferred (i.e., documenting that it meets certain standards); and (c) acknowledge that signing a joint letter constitutes an endorsement of the project.
A47: Vermonters for a Clean Environment | D47: Preferred sites - rates | E47: Preferred Sites, Rates | F47: Preferred sites get benefits from a faster approval process and the ability to construct the project without opposition; therefore added financial benefits through rates are not necessary.
A48: Vermonters for a Clean Environment | D48: Renewables general | E48: Renewables | F48: Concerned that net-metering and standard offer are the only means for bringing new renewables to the market.
A49: Vermonters for a Clean Environment | D49: Forest clearing | E49: Preferred Sites, Tree Clearing | F49: Substantial portions of some towns mapped solar resource areas are forest. Objects to preferred site designation where clear-cutting forest is required for the entire site. Not opposed to forest clearing along edges of the project area or cutting low-value forest.
A50: Vermonters for a Clean Environment | D50: Locational pricing | E50: Grid Constraints, Locational Pricing | F50: Grid constraints are a major concern with renewable siting. Understands that utilities are unable to tell planners and developers where new renewables would be best sited due to security concerns; if this is the case it is unfortunate. Anything that can be done to eliminate developers proposing projects in grid-constrained areas will be helpful.
A51: Vermonters for a Clean Environment | B51: 5.112 | D51: Aesthetics | E51: Aesthetics | F51: Recommends that the Commission provide better guidance such as (a) what constitutes an undue adverse impact, (b) what language constitutes a clear, written community standard, (c) what examples are there of projects that offend the sensibilities of the average person, and (d) examples of determinations that a project has not taken generally available mitigating steps.
A52: Vermonters for a Clean Environment | B52: 5.112 | C52: (C)(1) and (2) | D52: Aesthetics | E52: Aesthetics | F52: This guidance is not that helpful. The standard that the language must be specific to the site is an extremely high, if not impossible, standard for planners to meet. It means looking at every possible site in town and considering the interests of the property owner.
A53: Vermonters for a Clean Environment | B53: 5.112 | D53: Aesthetics | E53: Aesthetics | F53: If the Commission has ever found a project to have undue adverse impacts, it would be helpful as an example. If no project has ever been found to have undue adverse impacts, VCE questions whether the Commission is following the statutory requirements to assure that the aesthetics of Vermont are being protected.
A54: Vermonters for a Clean Environment | D54: Local load | E54: Local Load | F54: Supports net-metered projects serving local load. Projects should be sized based on the local load being served. Projects with no identified off-takers should not be allowed as net-metered systems.
A55: Vermonters for a Clean Environment | B55: Rulemaking process | D55: Workshops and Comments | E55: Process and Scheduling | F55: Supports at least one workshop and two more rounds of comments; depending on controversy, more process may be warranted.
A56: Department of Public Service | B56: 5.103 | D56: Preferred Sites, Grid Constraints | E56: Preferred Sites, Grid Constraints | F56: Projects located in constrained areas or circuits should not be given preferred site status. The Department can work with utilities and other stakeholders to develop a common framework for identifying, updating, and posting constrained areas in a manner that is clear and transparent.
A57: Department of Public Service | B57: 5.103 | D57: Solar Canopies | E57: Parking Lot Canopies | F57: Solar canopies should not be reviewed as if they were rooftop projects of the same size. They are more vulnerable to unauthorized access. Accordingly, requirements for, and assessments of, minimum height, scrim, or other barriers for energized equipment should not be waived in streamlining canopy installations. They may also have greater aesthetic impacts, and may warrant broader notice requirements (e.g., the municipality, RPC, adjoining property owners, and possibly additional state agencies, including ANR and the DHP).
A58: Department of Public Service | B58: 5.103 | C58: (7) | D58: Joint Letter of Support | E58: Joint Letter of Support | F58: Recommends retaining the option of a joint letter of support. Suggests requiring that locations identified in joint letters be areas identified as suitable in regional plans, to address concerns that this particular category of preferred site might not reflect environmental concerns. May also be beneficial to clarify that the letter is in support of the site, not necessarily the project, and that the town and RPC preserve the right to comment on the specifics of a project.
A59: Department of Public Service | B59: 5.105 | C59: (D) | D59: Interconnection | E59: Interconnection | F59: Add language stating that an applicant, DPS, or an affected utility must file a dispute request within a time certain after receiving notice of a utility decision regarding interconnection. Failure to file a dispute request will be interpreted as agreement with any and all documented interconnection requirements. Could require all projects at, or above, 150 kW (for both 5.105 and 5.107) to file the results of the Rule 5.500 interconnection process to identify and address interconnection disputes. Another option could be to amend the various registration and application categories to be more sensitive to potential system stability and reliability impacts. For example, a category could be added for larger roof mounted systems that allows sufficient time for an adequate 5.500 review before a CPG is deemed approved.
A60: Department of Public Service | B60: 5.106 | C60: (H) | D60: Interconnection | E60: Interconnection | F60: Add language stating that an applicant, DPS, or an affected utility must file a dispute request within a time certain after receiving notice of a utility decision regarding interconnection. Failure to file a dispute request will be interpreted as agreement with any and all documented interconnection requirements. To ensure timely and adequate interconnection review may be appropriate for the process to begin in the prefiling period.
A61: Department of Public Service | B61: 5.107 | C61: (C)(10) | D61: Interconnection | E61: Interconnection | F61: Add language stating that an applicant, DPS, or an affected utility must file a dispute request within a time certain after receiving notice of a utility decision regarding interconnection. Failure to file a dispute request will be interpreted as agreement with any and all documented interconnection requirements. To ensure timely and adequate interconnection review may be appropriate for the process to begin in the prefiling period. Could require all projects at, or above, 150 kW (for both 5.105 and 5.107) to file the results of the Rule 5.500 interconnection process to identify and address interconnection disputes. Another option could be to amend the various registration and application categories to be more sensitive to potential system stability and reliability impacts. For example, a category could be added for larger roof mounted systems that allows sufficient time for an adequate 5.500 review before a CPG is deemed approved.
A62: Department of Public Service | B62: 5.108 | D62: Amendments | E62: Amendments | F62: Supports the concept of a clarified and streamlined approach to amendments and encourages the Commission to consider formally adopting – and potentially expanding – the category of “De Minimis Change.” Also recommends the language provide applicants some indication of when and how the Commission will exercise its discretion in affording review of potentially significant impacts under 30 V.S.A. § 248(b).
A63: Department of Public Service | B63: 5.108 | C63: (C) | D63: Amendment,Effect on Rates | E63: Amendments, Rates | F63: Impose a limit on the size of project or scale of expansion entitled to “original” rate treatment. While a residential, 5 kW system doubling in size and receiving an extra cent or two for excess production may not be a substantial impact in overall compensation, the same cannot reasonably be said for a 150 kW system tripling in size to 450 kW.
A64: Department of Public Service | B64: 5.109 | D64: Amendments | E64: Amendments | F64: Supports the concept of a clarified and streamlined approach to amendments and encourages the Commission to consider formally adopting – and potentially expanding – the category of “De Minimis Change.” Also recommends the language provide applicants some indication of when and how the Commission will exercise its discretion in affording review of potentially significant impacts under 30 V.S.A. § 248(b).
A65: Department of Public Service | B65: 5.127 | D65: Rate Structure | E65: Rates | F65: Supports moving toward a rate structure based on a more complete set of values such as those related to the system and its attributes (including time, location, and the environment). Recommends that the more involved discussion of how best to reflect system value in net-metering rate design be included as part of this rulemaking effort, but possibly through a separate track that permits more time and engagement around the establishment of a framework with a greater basis in system value.
A66: Department of Public Service | B66: 5.127 | D66: Rates, Beneficial Electriciation | E66: Rates, Beneficial Electriciation | F66: Does not support linking net-metering rates to beneficial electrification measures. Attempting to achieve too many objectives through one policy tool not only complicates rule development but also ultimately complicates efforts to unwind and reform rule changes that are needed in the future.
A67: Department of Public Service | B67: 5.127 | D67: Rates, Preferred Sites | E67: Rates, Preferred Sites | F67: While it may be outside the scope of this rulemaking, the Commission should consider removing the preferred site concept from the rate structure entirely (because a project's location on a preferred site does not affect the value it provides to the electric system or ratepayers), or at least balance it, and instead provide incentives for resources on preferred sites through the permitting process or otherwise considering them in the context of grid constraints.
A68: Department of Public Service | B68: 5.128 | C68: (D) | D68: Biennial Review | E68: Biennial Review | F68: Requests that the PUC modify Section 5.128(D) so that, rather than specifying the information required of utilities by February 1 of each even-numbered year, the PUC instead reference a template that contains a broader set of required information (fields), in standardized form, that can be modified if needed. Recommends that the information be submitted annually, so stakeholders have a common and useful reference source for understanding the pace of deployment on a more frequent basis.
A69: Department of Public Service | D69: Participation in ISO-NE Wholesale Markets | E69: Participation in ISO-NE Wholesale Markets | F69: There are hydro resources that are receiving both net-metering rates and payments from the ISO-NE Forward Capacity Market. The rule should include prospective language that any resource entering the net-metering program cannot also participate in any wholesale electric market conducted by ISO-NE or its successor. The rule should also make clear that any resource that is already in the net-metering program must terminate its capacity supply obligation within a certain time period.
A70: Department of Public Service | D70: Energy Storage | E70: Energy Storage | F70: The rulemaking should explore energy storage in the context of net metering, including eligible storage size, requiring that the storage system be charged only from the solar net-metering facility, and restricting the ability of the storage component to export to the grid.
A71: Department of Public Service | D71: Procedural Improvements | E71: Procedural Improvements | F71: Would like to explore parts of the rules that are frequently problematic or confusing from an administrative or procedural aspect, including CPG extension requests; post-CPG disputes; enforcing the net-metering size limit; the construction and interpretation of definitions, such as non-bypassable charges; changing preferred site designations to other types; and non-physical changes.
A72: Department of Public Service | D72: Process and Scheduling | E72: Process and Scheduling | F72: 3 - 5 workshops, each followed by a round of comments, and then 2 final rounds of comments. Workshop topics: preferred sites; registration process; interconnection/relationship between Rules 5.100 and 5.500; rate structure and mechanisms; and procedure, rule clarifications, and final recommendations.
A73: All Earth Renewables | B73: 5.103 | C73: (7) | D73: Joint Letter of Support | E73: Joint Letter of Support | F73: Sees no basis for this change. Suggests a workshop on this issue.
A74: All Earth Renewables | B74: 5.103 | D74: Preferred Sites, Grid Constraints | E74: Preferred Sites, Grid Constraints | F74: Assertions of constraint should not impact preferred site designations. There are no clear criteria for determining what constitutes such a constraint; assertions that constraints exist may be contested, and may be based on physical factors or economic ones. Assertions of constraint may be disputed on engineering and/or regulatory levels, and constraints may or may not be related to the existence of proposed renewable energy projects or be reasons to delay or prevent their development.
A75: All Earth Renewables | B75: 5.105 | C75: (E) | D75: CPG Issuance Timeframe | E75: CPG Issuance Timeframe | F75: Extending the timeframe for the review of registrations from 10 to 30 days is unnecessary and inappropriate. A tripling of the time it takes for a CPG to be deemed issued may deprive the system owner of the benefit of the best solar months, result in a loss of tax benefits, and/or push installation into the following year if registration occurs during the winter months. If anything, registration for small systems should be instantaneous or at least shorter that the current period.
A76: All Earth Renewables | B76: 5.108 | D76: Amendments | E76: Amendments | F76: Supports maintaining distinction between minor and major amendments. Recommends providing better definitions of minor and major amendmets. Suggests a workshop on this issue.
A77: All Earth Renewables | B77: 5.110 | C77: (D) | D77: Time to Construct Projects | E77: Time to Construct Projects | F77: Believes time to construct should be left as one year or, as an alternative, the time should be extended to not more than 18 months.
A78: All Earth Renewables | B78: 5.127 | D78: Rate Structure | E78: Rates | F78: It is essential that any changes not apply retroactively in ways that would impair rights of existing net metering customers under the Contracts Clause of the Constitution. The current practice of linking net metering rates to retail electric rates should not be abandoned in favor of an avoided cost or other concept that would in all likelihood be more complex, more disputed, and would make net metering implementation more difficult by removing the intuitive link between net metering and utility rates that facilitates customer comprehension. The use of locational pricing would not be beneficial.
A79: All Earth Renewables | D79: Process and Scheduling | E79: Process and Scheduling | F79: Have a second round of comments reflecting parties’ consideration of the first round, followed by at least 2 workshops and issuance of a revised draft by the Commission. Workshop topics: joint letter, amendments, and interconnection/Rule 5.100 and 5.500.
A80: Solaflect | B80: 5.103 | D80: Expand Category IV | E80: Expand Category IV | F80: Category IV should be expanded to less than or equal to 500 kW.
A81: Solaflect | B81: 5.103 | C81: (2) | D81: Preferred Sites, Parking Lots | E81: Preferred Sites, Parking Lots | F81: Some of the largest parking lots in Vermont are at ski areas, and would not be considered “impervious”. Should expand the definition to include parking lots at ski areas, fairgrounds, etc.
A82: Solaflect | B82: 5.103 | C82: (6) | D82: Preferred Sites, Extraction Sites | E82: Preferred Sites, Extraction Sites | F82: Solar in a “pit” inherently does not make sense. There are many old “pits” in Vermont that could be regraded and/or reclaimed, which inevitably expands the “disturbed” portion of the site to reduce the steep banks inherent in pits. Solar should be allowed in an expanded area around such a reclaimed pit.
A83: Solaflect | B83: 5.103 | C83: (7) | D83: Joint Letter of Support | E83: Joint Letter of Support | F83: Retain the joint letter of support option.
A84: Solaflect | B84: 5.105 | C84: (A) | D84: System Size | E84: System Size | F84: A 15 kW limit on residential systems is too small, especially in the context of beneficial electrification. The size limit should be increased to 50 kW for residential and small commercial systems to enable instantaneous permitting. Category I Net-Metering Systems should be redefined as up to 50 kW. Section 5.106 should be deleted.
A85: Solaflect | B85: 5.105 | C85: (E) | D85: CPG Issuance Timeframe | E85: CPG Issuance Timeframe | F85: Do not lengthen the 10 business day “deemed approved” permit process. The model from the Solar Energy Industries Association is an “instantaneous permitting regime for home and small-commercial solar and battery storage systems installed by certified installers and contractors.” This change may cost solar installers business because they get year-end requests in November to install solar before the end of the tax year and a 30-day notice period would mean those systems could not be installed in time.
A86: Solaflect | B86: 5.109 | C86: (A) | D86: Amendments | E86: Amendments | F86: Agree with combining major and minor amendments. De Minimus changes to a CPG should not require an amendment. These include brands, model numbers, and module power ratings of 2% or less (maximum production is controlled by the inverter, not the modules).
A87: Solaflect | B87: 5.110 | C87: (D) | D87: Time to Construct Projects | E87: Time to Construct Projects | F87: Agree with the 2-year installation period.
A88: Solaflect | D88: Interconnection | E88: Interconnection | F88: Should guarantee the right of Vermonters to have solar on their property and to connect to the grid without any cost. Interconnection should be guaranteed without cost for residential and small business customers, and for group net metering. Interconnection fees for larger systems should be reduced as far as feasible.
A89: John Langhus/Wisdom and Power, LLC | B89: 5.103 | D89: Joint Letter of Support | E89: Joint Letter of Support | F89: Opposes the elimination of the joint letter of support. Enhanced energy plans are complicated, and take a long period of time for some municipalities to prepare and adopt. Most municipalities have not yet adopted them. Of the plans that are adopted, many do not name specific preferred sites, in some cases in reliance on the ability to seek such designations in the joint letter. Impossible for an enhanced energy plan to foresee all good solar project sites. Once adopted, enhanced energy plans will be cumbersome to change, especially if incorporated into Town Plans. The preferred site letter provides a complementary process to allow flexibility in considering new facts and new sites that may not have been considered previously. Additionally, preferred site letters encourage coordination between municipalities, RPCs, solar developers, and landowners early in the process.
A90: Patrick Corcoran | B90: 5.105 | C90: (A) | D90: System Size | E90: System Size | F90: Would like to see the 15kW registration limit raised to account for residential beneficial electrication. At the least, would like the limit raised to 15.2kW AC, which would allow installers to use two 7,600 watt inverters (which is a very common size).
A91: Jock Gill | B91: 5.103 | C91: (9) | D91: Preferred Sites, 50% Allocation | E91: Preferred Sites, 50% Allocation | F91: Current “preferred siting” limits make it very hard for a town to generate its own electricity for its citizens. The 50% on site use rule is a killer.
A92: Jock Gill | B92: 5.103 | D92: Preferred Sites, Agricultural Lands | E92: Preferred Sites, Agricultural Lands | F92: Must find uses for open fields with no or minimal agricultural use that will keep these fields open and economically productive. Open land that is cash flow negative is apt to quickly revert to forests. If we want to stimulate community owned power systems, we have to make sure that if community PV is installed on land formerly used for agriculture that there is an incentive at least equivalent to Current Use as Ag land benefits.
A93: Jock Gill | B93: 5.127 | D93: Rate Structure | E93: Rates | F93: Must make it legal for at least town energy plants to sell power across property lines. We need real time buy and sell options for ALL power producers, including home owners.
A94: VLS Energy Clinic | B94: 5.103 | C94: (7) | D94: Joint Letter of Support | E94: Joint Letter of Support | F94: See no good reason to change or limit the letter of support option. Doing so limits a municipality's ability to promote needed renewable energy advancement and community organizations' ability to promote sustainably developed local solar. Additionally, there are many farms with vast acreage that is not likely to be designated as a preferred site, but where modest community solar could be sited with local support.
A95: GMP | B95: 5.103 | D95: Preferred Sites, Grid Constraints | E95: Preferred Sites, Grid Constraints | F95: Foresee no concern with preferred sites within a constrained area, in that all projects undergo a review process and would be subject to the same interconnection criteria.
A96: GMP | B96: 5.103 | D96: Preferred Sites, Tree Clearing | E96: Preferred Sites, Tree Clearing | F96: Agree that a review of the impacts that tree clearing might have in the context of a preferred site designation would be of value.
A97: GMP | B97: 5.107 | C97: (C)(10) | D97: Interconnection | E97: Interconnection | F97: Would like further exploration of the implications to workload and the interconnection queue, that might result from requiring a 5.500 interconnection application for all ground mounted projects over 50 kW.
A98: GMP | B98: 5.110 | C98: (A) | D98: Transfer of CPGs for <15kW | E98: Transfers | F98: Propose notice of the transfer is provided to both the utility and the Commission, so there is one system of record to consult for ownership history of a project.
A99: GMP | D99: Existing Net-Metering Sites | E99: Existing Net-Metering Sites | F99: Suggest adding a provision addressing existing net-metering sites and the applicable rates and incentives for replacement systems installed on an existing site.
A100: GMP | D100: Process and Scheduling | E100: Process and Scheduling | F100: Series of workshops followed by multiple comment filings, such as: round of general comments; workshop discussion on parties' comments; 2nd round of comments including redline/strikeout of the current rule; 2nd workshop to discuss stakeholders redlines and understand/reconcile differences; 3rd round of comments, including redline/strikeout of the current rule; 2nd Commission draft of Rule; and 4th round of comments.
A101: BED/VPPSA | B101: 5.103 | D101: Preferred Sites, Grid Constraints | E101: Preferred Sites, Grid Constraints | F101: Because grid conditions are changing quickly due to increased penetration of distributed generation, it may be difficult to define specific areas of the grid to be designated as constrained. To the extent the PUC does not want to extend the CPG process, an adjustor to reflect grid condition could be applied, particularly for commercial-scale projects over 15 kW.
A102: BED/VPPSA | B102: 5.105 | C102: (E) | D102: Interconnection | E102: Interconnection | F102: Extending the amount of time that a utility has to raise interconnection concerns to 30 days for projects greater than 15kW will provide utilities with the opportunity to better evaluate project impacts.
...

Sheet Changes in Issue Code
A1: Issue (Old) | C1: Issue (Streamlined)
A2: 45-Day Advance Notice | C2: Advance Notice | E2: =IF(A2=C2,1,0) -> 0
A3: Act 250 Consistency Documents | C3: Act 250 | E3: =IF(A3=C3,1,0) -> 0
A4: Act 250 permit reclamation activities | C4: Act 250 | E4: =IF(A4=C4,1,0) -> 0
A5: Amendment, Effect on Rates | C5: Amendments, Rates | E5: =IF(A5=C5,1,0) -> 0
A6: Amendment,Effect on Rates | C6: Amendments, Rates | E6: =IF(A6=C6,1,0) -> 0
A7: amendments to approved systems | C7: Amendments | E7: =IF(A7=C7,1,0) -> 0
A8: amendments to pending registrations and applications | C8: Amendments | E8: =IF(A8=C8,1,0) -> 0
A9: biennial updates | C9: Biennial Review | E9: =IF(A9=C9,1,0) -> 0
A10: brownfields | C10: Preferred Sites, Brownfields | E10: =IF(A10=C10,1,0) -> 0
A11: comment periods | C11: Process and Scheduling | E11: =IF(A11=C11,1,0) -> 0
A12: decommissioning plan | C12: Decommissioning | E12: =IF(A12=C12,1,0) -> 0
A13: definitions - preferred site | C13: Preferred Sites | E13: =IF(A13=C13,1,0) -> 0
... A36: Workshops and Comments | C36: Process and Scheduling | E36: =IF(A36=C36,1,0) -> 0

Sheet List of Issue Areas
A1: Issue Area | B1: # of Mentions
A2: Preferred Sites | B2: =COUNTIF(Comments!E:E,"*Preferred Sites*") -> 33
A3: Joint Letter of Support | B3: =COUNTIF(Comments!E:E,"*Joint Letter of Support*") -> 17
A4: Rates | B4: =COUNTIF(Comments!E:E,"*Rates*") -> 15
A5: Amendments | B5: =COUNTIF(Comments!E:E,"*Amendments*") -> 13
A6: Grid Constraints | B6: =COUNTIF(Comments!E:E,"*Grid Constraints*") -> 9
A7: Interconnection | B7: =COUNTIF(Comments!E:E,"*Interconnection*") -> 8
A8: Act 250 | B8: =COUNTIF(Comments!E:E,"*Act 250*") -> 7
A9: Parking Lot Canopies | B9: =COUNTIF(Comments!E:E,"*Parking Lot Canopies*") -> 7
A10: Process and Scheduling | B10: =COUNTIF(Comments!E:E,"*Process and Scheduling*") -> 7
A11: Extraction Sites | B11: =COUNTIF(Comments!E:E,"*Extraction Sites*") -> 6
A12: Tree Clearing | B12: =COUNTIF(Comments!E:E,"*Tree Clearing*") -> 5
A13: Registrations | B13: =COUNTIF(Comments!E:E,"*Registrations*") -> 4
A14: Aesthetics | B14: =COUNTIF(Comments!E:E,"*Aesthetics*") -> 3
A15: Beneficial Electriciation | B15: =COUNTIF(Comments!E:E,"*Beneficial Electriciation*") -> 3
A16: Energy Storage | B16: =COUNTIF(Comments!E:E,"*Energy Storage*") -> 3
A17: Group Net-Metering Systems | B17: =COUNTIF(Comments!E:E,"*Group Net-Metering Systems*") -> 3
A18: Impervious Surfaces | B18: =COUNTIF(Comments!E:E,"*Impervious Surfaces*") -> 3
A19: Limits of Disturbance | B19: =COUNTIF(Comments!E:E,"*Limits of Disturbance*") -> 3
A20: Locational Pricing | B20: =COUNTIF(Comments!E:E,"*Locational Pricing*") -> 3
A21: Time to Construct Projects | B21: =COUNTIF(Comments!E:E,"*Time to Construct Projects*") -> 3
A22: Advance Notice | B22: =COUNTIF(Comments!E:E,"*Advance Notice*") -> 2
A23: Application Filing | B23: =COUNTIF(Comments!E:E,"*Application Filing*") -> 2
A24: Biennial Review | B24: =COUNTIF(Comments!E:E,"*Biennial Review*") -> 2
A25: Brownfields | B25: =COUNTIF(Comments!E:E,"*Brownfields*") -> 2
A26: CPG Issuance Timeframe | B26: =COUNTIF(Comments!E:E,"*CPG Issuance Timeframe*") -> 2
A27: System Size | B27: =COUNTIF(Comments!E:E,"*System Size*") -> 2
A28: Transfers | B28: =COUNTIF(Comments!E:E,"*Transfers*") -> 2
A29: 50% Allocation | B29: =COUNTIF(Comments!E:E,"*50% Allocation*") -> 1
A30: Agricultural Lands | B30: =COUNTIF(Comments!E:E,"*Agricultural Lands*") -> 1
A31: Cap on Net-Metering | B31: =COUNTIF(Comments!E:E,"*Cap on Net-Metering*") -> 1
A32: Decommissioning | B32: =COUNTIF(Comments!E:E,"*Decommissioning*") -> 1
A33: Eliminate Category III Net-Metering Systems | B33: =COUNTIF(Comments!E:E,"*Eliminate Category III Net-Metering Systems*") -> 1
A34: Energy Efficiency Charge | B34: =COUNTIF(Comments!E:E,"*Energy Efficiency Charge*") -> 1
A35: Existing Net-Metering Sites | B35: =COUNTIF(Comments!E:E,"*Existing Net-Metering Sites*") -> 1
A36: Expand Category IV | B36: =COUNTIF(Comments!E:E,"*Expand Category IV *") -> 1
A37: Landfills | B37: =COUNTIF(Comments!E:E,"*Landfills*") -> 1
A38: Local Load | B38: =COUNTIF(Comments!E:E,"*Local Load*") -> 1
A39: Parking Lots | B39: =COUNTIF(Comments!E:E,"*Parking Lots*") -> 1
A40: Participation in ISO-NE Wholesale Markets | B40: =COUNTIF(Comments!E:E,"*Participation in ISO-NE Wholesale Markets*") -> 1
A41: Procedural Improvements | B41: =COUNTIF(Comments!E:E,"*Procedural Improvements*") -> 1
A42: Renewables | B42: =COUNTIF(Comments!E:E,"*Renewables*") -> 1
A43: Town and Regional Plans | B43: =COUNTIF(Comments!E:E,"*Town and Regional Plans*") -> 1

Sheet Rules Sections Referenced
A1: Rules Section | B1: # of Mentions
A2: 5.103 | B2: =COUNTIF(Comments!B:B,"*5.103*") -> 54
A3: 5.106 | B3: =COUNTIF(Comments!B:B,"*5.107*") -> 13
A4: 5.127 | B4: =COUNTIF(Comments!B:B,"*5.127*") -> 12
A5: 5.105 | B5: =COUNTIF(Comments!B:B,"*5.105*") -> 11
A6: 5.107 | B6: =COUNTIF(Comments!B:B,"*5.106*") -> 10
A7: 5.108 | B7: =COUNTIF(Comments!B:B,"*5.108*") -> 9
A8: 5.110 | B8: =COUNTIF(Comments!B:B,"*5.110*") -> 5
A9: 5.109 | B9: =COUNTIF(Comments!B:B,"*5.109*") -> 4
A10: 5.112 | B10: =COUNTIF(Comments!B:B,"*5.112*") -> 3
A11: Rulemaking process | B11: =COUNTIF(Comments!B:B,"*Rulemaking process*") -> 3
A12: 5.128 | B12: =COUNTIF(Comments!B:B,"*5.128*") -> 2
A13: 5.129 | B13: =COUNTIF(Comments!B:B,"*5.129*") -> 2
A14: 5.104 | B14: =COUNTIF(Comments!B:B,"*5.104*") -> 1
